 Dungeon Crawl Stone Soup version 0.32-a0-656-g3542139ebd (webtiles) character file.

Game seed: 4970736483843263813

56 adelrune the Trooper (level 3, -3/29 HPs)
             Began as a Demonspawn Monk on Mar 8, 2024.
             Was a Priest of Kikubaaqudgha.
             Slain by an orc priest
             ... wielding a +1 mace of protection
              (5 damage)
             ... on level 2 of the Dungeon.
             The game lasted 00:03:26 (1115 turns).

adelrune the Trooper (Demonspawn Monk)              Turns: 1115, Time: 00:03:26

Health: -3/29      AC:  3    Str: 11    XL:     3   Next: 69%
Magic:  3/3        EV: 13    Int: 12    God:    Kikubaaqudgha [***...]
Gold:   32         SH:  0    Dex: 15    Spells: 2/2 levels left

rFire   . . .        a - +0 falchion
rCold   . . .        d - orb {light}
rNeg    . . .        b - +0 robe
rPois   .            (no helmet)
rElec   .            (no cloak)
rCorr   .            (no gloves)
SInv    .            (no boots)
Will    .....        (no amulet)
Stlth   +            (no ring)
HPRegen 0.24/turn    (no ring)
MPRegen 0.08/turn

%: no passive effects
@: glowing
A: sharp scales 1
a: Renounce Religion, Unearth Wretches


You were on level 2 of the Dungeon.
You worshipped Kikubaaqudgha.
Kikubaaqudgha was most pleased with you.
You visited 1 branch of the dungeon, and saw 2 of its levels.

You collected 32 gold pieces.

Inventory:

Hand Weapons
 a - a +0 falchion (weapon)
Armour
 b - a +0 robe (worn)
 d - an orb of light (worn)
Scrolls
 e - a scroll of torment {unknown}
 g - a scroll of summoning {unknown}
 h - a scroll of blinking {unknown}
 j - a scroll of enchant weapon {unknown}
Potions
 c - a potion of ambrosia
 f - a potion of lignification {unknown}
 i - a potion of mutation {unknown}
 k - a potion of curing {unknown}


   Skills:
 + Level 3.4 Fighting
 + Level 3.2 Long Blades
 + Level 3.0 Dodging
 * Level 1.9 Necromancy


You had 2 spell levels left.
You didn't know any spells.
Your spell library contained the following spells:

 Spells                   Type           Power      Damage    Failure   Level
 Necrotise                Necr           16%        1d4       16%         1
 Cigotuvi's Dreadful Rot  Necr/Alch/Air  2%         N/A       36%         2
 Vampiric Draining        Necr           4%         2d6       41%         3
 Volatile Blastmotes      Fire/Tloc      0%         2d10      69%         3
 Animate Dead             Necr           4%         N/A       83%         4
 Anguish                  Hex/Necr       1%         N/A       92%         4
 Martyr's Knell           Necr/Summ      2%         N/A       92%         4
 Fulminant Prism          Conj/Alch      0%         3d5       97%         4
 Iskenderun's Mystic Bla  Conj/Tloc      0%         2d3       97%         4
 Borgnjor's Vile Clutch   Necr/Erth      1%         N/A       99%         5
 Death Channel            Necr           2%         N/A       100%        6


Dungeon Overview and Level Annotations

Branches:
Dungeon (2/15)

Altars:
Kikubaaqudgha

Annotations:
D:2 Robin


Innate Abilities, Weirdness & Mutations

You are partially covered in razor-sharp scales. (AC +1, Slay +1)


Message History

There is a stone staircase leading up here.
You slash the hobgoblin!
You kill the hobgoblin!
Kikubaaqudgha accepts your kill.
No target in view!
No target in view!
HP restored.
Found a dagger.
Found a stone staircase leading down.
An orc priest comes into view. It is wielding a +1 mace of protection.
The orc priest shouts!
The orc priest calls down the wrath of Beogh upon you.
You barely resist.
Found 7 gold pieces.
You hit the orc priest.
The orc priest is lightly wounded.
The orc priest hits you with a +1 mace of protection!
You hit the orc priest but do no damage.
The orc priest is lightly wounded.
The orc priest closely misses you.
You hit the orc priest but do no damage.
The orc priest is lightly wounded.
The orc priest calls down the wrath of Beogh upon you.
Beogh smites you!
You hit the orc priest.
The orc priest is lightly wounded.
The orc priest hits you with a +1 mace of protection.
* * * LOW HITPOINT WARNING * * *
The orc priest calls down the wrath of Beogh upon you.
Pain shoots through your body!
* * * LOW HITPOINT WARNING * * *
You hit the orc priest.
The orc priest is heavily wounded.
The orc priest hits you with a +1 mace of protection.
* * * LOW HITPOINT WARNING * * *
You hit the orc priest.
The orc priest is almost dead.
The orc priest hits you with a +1 mace of protection.
You die...
Kikubaaqudgha rasps: You have failed me!
Welcome... death!

# ⌠#....#...####........
....
.$#....#......#.#######
...~ .##....##..##...#
.... ##.##. #...##..#
..## ##..##. #.#.##..##
....
.......>#....##..######.
....
$..........#..##........
...
.......###..............
......o@................
.......###..............
....... #........#.....
.....#. ##########.....
....##. ....# .### ..
##### .# #


You could see an orc priest.

Vanquished Creatures
  Natasha (D:1)
  An orc (D:1)
  3 ball pythons (D:1)
  2 endoplasms (D:1)
  4 goblins
  5 hobgoblins
  3 jackals (D:1)
  A quokka (D:1)
  2 bats (D:1)
  2 frilled lizards (D:1)
  2 kobolds (D:1)
  A rat (D:2)
27 creatures vanquished.

Notes
Turn   | Place    | Note
-------+----------+-------------------------------------------
     0 | D:1      | adelrune the Demonspawn Monk began the quest for the Orb.
     0 | D:1      | Reached XP level 1. HP: 18/18 MP: 1/1
    14 | D:1      | Found a faded altar of an unknown god.
    28 | D:1      | Prayed at the altar of an unknown god.
    28 | D:1      | Became a worshipper of Kikubaaqudgha
    28 | D:1      | Reached * piety under Kikubaaqudgha
    28 | D:1      | Received a gift from Kikubaaqudgha
    28 | D:1      | Reached ** piety under Kikubaaqudgha
    85 | D:1      | Gained mutation: You are partially covered in razor-sharp
                  | scales. (AC +1, Slay +1) [demonic ancestry]
    85 | D:1      | Reached XP level 2. HP: 19/24 MP: 2/2
   259 | D:1      | Reached *** piety under Kikubaaqudgha
   259 | D:1      | Received a gift from Kikubaaqudgha
   641 | D:1      | Reached skill level 1 in Necromancy
   759 | D:2      | Noticed Natasha
   844 | D:2      | Noticed Robin
   866 | D:1      | Reached XP level 3. HP: 9/29 MP: 3/3
  1036 | D:1      | Killed Natasha
  1115 | D:2      | Slain by an orc priest

Illustrated notes

Levels and vault maps discovered:
D:1:      wander_arrival_desolate, layout_loops_ring,
          hellmonk_ecumenical_altar_pennies_from_heaven
D:2:      cheibrodos_pilgrimage, layout_rooms, hangedman_decor_opposing,
          minmay_tetromino_t2, uniq_natasha, uniq_jessica, uniq_robin,
          uniq_terence

Skill      XL: |  1  2  3 |
---------------+----------+-----
Long Blades    | 3 |  3.2
Necromancy     | 1 |  1.9
Dodging        | 3 |  3.0
Fighting       | |  3.4

Action                     || total
---------------------------++-------
  Melee: Falchion          ||    72
 Armour: Robe              ||    52
  Dodge: Dodged            ||    49

Table legend: (Time is in decaauts)
 A = Elapsed time spent in this place.
 B = Non-inter-level travel time spent in this place.
 C = Inter-level travel time spent in this place.
 D = Time resting spent in this place.
 E = Time spent auto-exploring this place.
 F = Levels seen in this place.
 G = Mean time per level.
                   A        B        C        D        E       F      G
               +--------+--------+--------+--------+--------+-----+--------+
         Total |   1145 |   1034 |    111 |    241 |    588 |   2 |  572.5 |
       Dungeon |   1145 |   1034 |    111 |    241 |    588 |   2 |  572.5 |
               +--------+--------+--------+--------+--------+-----+--------+

Top non-repeatable levels by time:
     D:1: 1058 daAuts
     D:2: 86 daAuts
